 Dungeon Crawl Stone Soup version 0.30.0-15-g856e2d3f33 (webtiles) character file.

Game seed: 8149079693249526777

40 qw the Chopper (level 3, -2/23 HPs)
             Began as a Gargoyle Cinder Acolyte on May 18, 2023.
             Was a High Priest of Ignis.
             Slain by Terence
             ... wielding a +0 flail
              (5 damage)
             ... on level 2 of the Dungeon.
             The game lasted 00:00:32 (1260 turns).

qw the Chopper (Gargoyle Cinder Acolyte)            Turns: 1260, Time: 00:00:33

Health: -2/23      AC: 17    Str: 19    XL:     3   Next: 50%
Magic:  4/4        EV:  9    Int: 14    God:    Ignis [*****.]
Gold:   51         SH:  0    Dex:  5    Spells: 4/4 levels left

rFire   + . .        Y - +1 hand axe (heavy)
rCold   . . .        (no shield)
rNeg    + . .        f - +0 scale mail
rPois   inf          i - +0 helmet
rElec   +            (no cloak)
rCorr   .            (no gloves)
SInv    .            (no boots)
Will    .....        (no amulet) Stlth
                     (no ring)
HPRegen 0.23/turn    (no ring)
MPRegen 0.09/turn

%: no passive effects
@: fiery-armoured
A: sickness immunity, AC +3, negative energy resistance 1, electricity
resistance, torment resistance 1, petrification resistance
a: Renounce Religion, Fiery Armour, Foxfire Swarm, Rising Flame


You were on level 2 of the Dungeon.
You worshipped Ignis.
Ignis was extremely pleased with you.
You visited 1 branch of the dungeon, and saw 2 of its levels.

You collected 51 gold pieces.


Innate Abilities, Weirdness & Mutations

You are immune to sickness and miasma.
Your stone body is resilient. (AC +3)
You are immune to poison.
You resist negative energy. (rN+)
You are resistant to electric shocks. (rElec)
You are resistant to unholy torment.
You are immune to petrification.


   Skills:
 - Level 3.2 Fighting
 + Level 3.9 Axes
 - Level 1.0 Armour
 - Level 1.0 Spellcasting
 - Level 3.0 Fire Magic


You had 4 spell levels left.
You didn't know any spells.
Your spell library contained the following spells:

 Spells                   Type           Power      Damage    Failure   Level
 Scorch                   Fire           18%        2d5       34%         2

Inventory:

Hand Weapons
 a - a -1 hand axe of flaming
 Y - a +1 heavy hand axe (weapon)
Armour
 f - a +0 scale mail (worn)
 i - a +0 helmet (worn)
Scrolls
 b - a scroll of enchant armour {unknown}
Potions
 c - a potion of heal wounds {unknown}
 e - a potion of resistance {unknown}
 g - a potion of berserk rage
 h - a potion of curing {unknown}

Dungeon Overview and Level Annotations

Branches:
Dungeon (2/15)

Altars:

Annotations:
D:2 Terence


Message History

The hobgoblin closely misses you.
You completely miss the hobgoblin.
The hobgoblin is moderately wounded.
The hobgoblin hits you. The hobgoblin barely misses you.
You barely miss the hobgoblin.
The hobgoblin is moderately wounded.
The hobgoblin hits you but does no damage.
You slash the hobgoblin!
You kill the hobgoblin!
Found a stone staircase leading down.
As you open the door, it creaks loudly!
Found a hand axe.
There is an open door here.
A ball python comes into view.
The ball python hisses angrily.
You barely miss the ball python. The ball python bites you.
The ball python grabs you. The ball python constricts you.
The ball python bites you but does no damage.
The ball python constricts you.
You slash the ball python!
You kill the ball python!
Terence the Incautious comes into view.
He is wielding a +0 flail and wearing a +0 scale mail of positive energy.
Found a red potion.
Terence shouts!
You barely miss Terence. Terence hits you with a +0 flail.
Terence closely misses you.
You closely miss Terence.
Terence drinks a potion.
Terence goes berserk!
You hit Terence.
Terence is lightly wounded.
Terence closely misses you. Terence completely misses you.
Terence hits you with a +0 flail.
You slash Terence!
Terence is heavily wounded.
Terence hits you with a +0 flail! x2
1260 ||| INVOKING Fiery Armour.
A protective cloak of flame settles atop you.
Terence hits you with a +0 flail.
You die...

#....####...#
.....
#.)..####...#
...
#......##....
# #......# .
# ####...#
+.. # #...#
.... #####
#...# .....
#....
#...#......
#....
#..@@..!...
+....
##.........
#....
#.........
#.)..
#...###+##
#.... #....
##### #....#
.. #....# ...
#....# ...
...


You could see Terence (berserk).

Vanquished Creatures
  An adder (D:2)
  A worm (D:2)
  An endoplasm (D:1)
  A giant cockroach (D:2)
  4 goblins
  3 hobgoblins (D:2)
  4 jackals (D:2)
  2 quokkas (D:2)
  A ball python (D:2)
  3 bats
  2 frilled lizards
  A kobold (D:2)
  2 rats
26 creatures vanquished.

Notes
Turn   | Place    | Note
-------+----------+-------------------------------------------
     0 | D:1      | qw the Gargoyle Cinder Acolyte began the quest for the Orb.
     0 | D:1      | Reached XP level 1. HP: 14/14 MP: 2/2
     0 | D:1      | 0 ||| qw: Version: 0.2-a-95-gc95f03d
     0 | D:1      | 0 ||| qw: Game counter: 37
     0 | D:1      | 0 ||| qw: Always use a shield: true
     0 | D:1      | 0 ||| qw: God list: Okawaru
     0 | D:1      | 0 ||| qw: Allow faded altars: false
     0 | D:1      | 0 ||| qw: Do Orc after D:15 true
     0 | D:1      | 0 ||| qw: Do second Lair branch before Depths: true
     0 | D:1      | 0 ||| qw: Lair rune preference: random
     0 | D:1      | 0 ||| qw: Plans: Normal
     0 | D:1      | 0 ||| PLANNING D:1-11
    14 | D:1      | 14 ||| SWAPPING to +1 heavy hand axe.
   238 | D:1      | Reached skill level 3 in Axes
   375 | D:1      | Reached XP level 2. HP: 19/19 MP: 3/3
   737 | D:1      | 737 ||| UPGRADING to +0 scale mail.
   747 | D:1      | 747 ||| DROPPING +0 robe.
   748 | D:1      | 748 ||| UPGRADING to +0 helmet.
   753 | D:1      | 753 ||| READING scroll labelled NAXTED OQAW.
   754 | D:1      | 754 ||| DRINKING 2 puce potions.
   755 | D:1      | 755 ||| DROPPING potion of attraction.
   856 | D:2      | Reached skill level 1 in Armour
  1127 | D:2      | Reached XP level 3. HP: 23/23 MP: 4/4
  1251 | D:2      | Noticed Terence
  1259 | D:2      | HP: 2/23 [Terence/+0 flail (9)]
  1260 | D:2      | 1260 ||| INVOKING Fiery Armour.
  1260 | D:2      | Slain by Terence

Levels and vault maps discovered:
D:1:      dpeg_arrival_lava_temple_mockup, layout_basic
D:2:      layout_basic, kennysheep_nub, uniq_terence

Skill      XL: |  1  2 |
---------------+-------+-----
Axes           | 3 |  3.9
Armour         | 1 |  1.0
Fighting       | |  3.2
Spellcasting   | |  1.0
Fire Magic     | |  3.0

Action                     || total
---------------------------++-------
  Melee: Hand axe          ||    67
 Invoke: Fiery Armour      ||     1
    Use: Scroll            ||     1
         Potion            ||     1
 Armour: Robe              ||     5
         Scale mail        ||    35
  Dodge: Dodged            ||    35

Table legend:
 A = Non-vault XP
 B = Vault XP
 C = Vault XP percentage of total XP
 D = Non-vault monster count
 E = Vault monster count
 F = Vault count percentage of total count
                 A         B        C        D         E       F
            +---------+---------+-------+---------+---------+-------
      Total |      58 |       0 |   0.0 |      26 |       0 |   0.0
            +---------+---------+-------+---------+---------+-------
        D:1 |      11 |       0 |   0.0 |       7 |       0 |   0.0
        D:2 |      47 |       0 |   0.0 |      19 |       0 |   0.0
            +---------+---------+-------+---------+---------+-------
